 Dungeon Crawl Stone Soup version 0.16-a0-3149-g1169300 (webtiles) character file.

275 Johnny the Bolt Thrower (level 6, -5/46 HPs)
             Began as a Human Hunter on Dec 14, 2014.
             Killed from afar by an orc wizard (6 damage)
             ... with a puff of frost
             ... on level 3 of the Dungeon.
             The game lasted 00:06:32 (2271 turns).

Johnny the Bolt Thrower (Human Hunter)              Turns: 2271, Time: 00:06:33

Health: -5/46      AC:  3    Str: 12    XL:     6   Next: 49%
Magic:  6/6        EV: 13    Int: 11    God:
Gold:   150        SH:  0    Dex: 16    Spells: 0 memorised, 5 levels left

rFire  . . .     SeeInvis .     m - +0 dagger (venom)
rCold  . . .     Clarity  .     d - +0 leather armour
rNeg   . . .     SustAb   .     (no shield)
rPois  .         Gourm    .     (no helmet)
rElec  .         Spirit   .     (no cloak)
rCorr  .         Warding  .     (no gloves)
rMut   .         Stasis   .     (no boots)
MR     .....                    (no amulet)
Stlth  ++........               (no ring)
                                (no ring)

@: not resistant to hostile enchantments, unstealthy
A: no striking features
a: no special abilities


You were on level 3 of the Dungeon.
You were hungry.

You visited 1 branch of the dungeon, and saw 3 of its levels.

You collected 150 gold pieces.

Inventory:

Hand weapons
 a - a +0 short sword
 b - a +1 hand crossbow
 m - a +0 dagger of venom (weapon)
Armour
 d - a +0 leather armour (worn)
Scrolls
 e - a scroll of immolation
 h - 4 scrolls of identify
 i - a scroll of recharging
 k - a scroll of fear {unknown}
 n - a scroll of teleportation {unknown}
 p - a scroll of random uselessness {unknown}
 r - a scroll of enchant armour {unknown}
Comestibles
 f - a bread ration
 l - 2 meat rations


   Skills:
 + Level 2.8 Fighting
 * Level 6.1 Crossbows
 + Level 2.1 Armour
 + Level 3.0 Dodging
 - Level 1.0 Stealth


You had 5 spell levels left.
You didn't know any spells.

Dungeon Overview and Level Annotations

Branches:
Dungeon (3/15)

Altars:


Message History

Unknown command.
You barely miss the orc wizard.
The orc wizard is severely wounded.
The orc wizard hits you with a dagger.
* * * LOW HITPOINT WARNING * * *
Unknown command.
You hit the orc wizard.
The orc wizard is poisoned.
The orc wizard is almost dead.
The orc closely misses you. The orc wizard hits you with a dagger.
* * * LOW HITPOINT WARNING * * *
An orc comes into view. It is wielding a dagger.
The orc wizard casts a spell.
The orc wizard seems to speed up.
You hit the orc.
The orc is poisoned.
The orc is moderately wounded.
The orc hits you with a mace.
* * * LOW HITPOINT WARNING * * *
The orc wizard points at you and mumbles some strange words.
The puff of frost hits you!
You die...

#.....#.#.#.#.....#
#......#.#.#.......
#.......#.#........
#........#.........
#........#......##.
#....8...#.†...#.#.
#..8...8###.....##.
#........#.....#.#.
#.@......#.....###.
##o......#.#.....##.
#.o...............'.
#........#.#.....##.
...........#.....###.
..(..........#.....#.#.
#........8...8###.....##.
..((.o)...8...#...÷.#.##
.....#........#......###


You could see an orc wizard and 2 orcs.

Vanquished Creatures
  Sigmund (D:2)
  A jelly (D:3)
  8 adders
  4 gnolls (D:2)
  A worm (D:2)
  3 giant geckos (D:1)
  An orc (D:3)
  8 bats
  6 hobgoblins
  A quokka (D:3)
  A ball python (D:2)
  A giant newt (D:3)
  7 goblins
  10 kobolds
  11 rats
64 creatures vanquished.

Vanquished Creatures (others)
  A plant (D:1)
1 creature vanquished.

Grand Total: 65 creatures vanquished

Notes
Turn   | Place    | Note
--------------------------------------------------------------
     0 | D:1      | Johnny, the Human Hunter, began the quest for the Orb.
     0 | D:1      | Reached XP level 1. HP: 16/16 MP: 1/1
   121 | D:1      | Reached XP level 2. HP: 22/22 MP: 2/2
   582 | D:1      | Reached XP level 3. HP: 22/27 MP: 3/3
   739 | D:2      | Reached skill level 5 in Crossbows
   818 | D:2      | Reached XP level 4. HP: 18/33 MP: 4/4
  1381 | D:2      | Noticed Sigmund
  1600 | D:2      | Killed Sigmund
  1600 | D:2      | Reached skill level 1 in Armour
  1600 | D:2      | Reached XP level 5. HP: 8/39 MP: 5/5
  1723 | D:2      | Reached XP level 6. HP: 21/46 MP: 6/6
  1813 | D:3      | Reached skill level 6 in Crossbows
  2269 | D:3      | HP: 2/46 [orc wizard/dagger (1)]
  2271 | D:3      | Killed from afar by an orc wizard

Action                   |  1- 3 |  4- 6 || total
-------------------------+-------+-------++-------
Melee: Dagger            |     4 |   127 ||   131
 Fire: Hand crossbow     |    66 |    22 ||    88
  Use: Potion            |     1 |     4 ||     5
       Scroll            |       |     2 ||     2
 Stab: Sleeping          |       |     1 ||     1
  Eat: Chunk             |       |     4 ||     4
